Map: [ESL] Site Delta

Players

Ukko - Winner!

  • Race: Zerg Zerg
  • Spawn Location: 5:00

Mixu

  • Race: Zerg Zerg
  • Spawn Location: 11:00

Event: ESL SC2 Masters 2023 Winter (Finals)

VOD

Have the link to the VOD?

Description

Time

  • Played on: Dec. 15, 2023, 11:05 a.m.
  • Length: 11:48

All games in this series

Show
View Real Time Build Order
Export as new Build Order

Ukko Zerg - Winner!

Build Orders: Hatch First 

Get SALT Encoding   

  12  0:00  Drone  
  13  0:12  Overlord  
  13  0:16  Drone  
  14  0:30  Drone x2  
  16  0:47  Hatchery  
  15  0:50  Drone  
  15  0:54  Drone  
  15  0:57  Drone  
  18  1:09  Extractor  
  17  1:12  Spawning Pool  
  17  1:15  Drone  
  17  1:18  Drone  
  18  1:27  Drone  
  19  1:38  Drone  
  20  1:48  Overlord  
  20  1:59  Queen x2  
  20  2:00  Zergling x2  
  25  2:02  Drone  
  26  2:09  Metabolic Boost  
  26  2:11  Drone x2  
  28  2:22  Zergling x4  
  30  2:33  Hatchery  
  30  2:35  Drone  
  30  2:38  Drone  
  30  2:43  Baneling Nest  
  30  2:49  Drone  
  31  2:53  Overlord  
  31  2:54  Drone  
  32  3:01  Zergling x2  
  33  3:05  Zergling x2  
  33  3:06  Zergling x2  
  33  3:08  Zergling x2  
  33  3:11  Zergling x4  
  33  3:12  Zergling x2  
  39  3:13  Zergling x2  
  39  3:16  Zergling x2  
  41  3:28  Baneling  
  41  3:29  Baneling, Overlord  
  41  3:31  Drone x3  
  44  3:39  Roach Warren  
  43  3:42  Drone  
  43  3:45  Overlord  
  42  3:57  Drone x6  
  42  4:06  Drone x3  
  43  4:12  Drone x2  
  43  4:16  Drone x3  
  45  4:22  Zergling x6  
  44  4:25  Zergling x4  
  44  4:29  Queen  
  48  4:34  Baneling  
  48  4:35  Drone x2  
  48  4:37  Drone x2  
  52  4:40  Drone  
  52  4:44  Drone  
  52  4:45  Overlord  
  54  4:49  Drone  
  54  4:52  Zergling x4  
  57  4:54  Drone x4  
  57  4:57  Baneling x2  
  60  5:01  Drone x3  
  60  5:06  Extractor x2, Lair  
  61  5:08  Drone  
  61  5:09  Evolution Chamber  
  62  5:14  Drone x2  
  62  5:18  Baneling  
  62  5:21  Drone  
  62  5:26  Drone x2  
  64  5:30  Drone  
  64  5:32  Overlord  
  64  5:35  Zerg Missile Weapons Level 1  
  65  5:37  Drone x6  
  71  5:43  Extractor, Drone x2  
  71  5:44  Extractor  
  71  5:45  Overlord  
  71  5:47  Overlord  
  71  5:48  Drone x2  
  73  5:52  Drone  
  73  5:58  Drone  
  73  5:59  Extractor, Hatchery  
  73  6:01  Drone x4  
  73  6:03  Zergling x4  
  78  6:04  Drone x2  
  78  6:09  Drone  
  81  6:12  Glial Reconstitution  
  81  6:16  Evolution Chamber  
  81  6:17  Pneumatized Carapace  
  81  6:18  Overlord x2  
  80  6:20  Overlord  
  80  6:22  Overlord  
  80  6:24  Roach x3  
  86  6:31  Roach  
  88  6:37  Overseer  
  88  6:38  Roach x3  
  93  6:43  Zerg Ground Armor Level 1  
  93  6:44  Roach x6  
  105  6:47  Roach x2  
  105  6:50  Roach x2  
  113  6:54  Roach x2  
  113  6:59  Overlord  
  117  7:02  Roach x2  
  121  7:09  Roach  
  121  7:11  Roach  
  121  7:12  Roach x5  
  135  7:16  Overlord x3  
  135  7:20  Overlord  
  135  7:23  Overlord  
  135  7:24  Overlord  
  135  7:25  Overlord  
  135  7:29  Queen  
  137  7:31  Ravager x2  
  137  7:32  Ravager x2  
  137  7:33  Zerg Missile Weapons Level 2  
  137  7:34  Roach  
  145  7:37  Roach  
  145  7:39  Roach x2  
  145  7:42  Roach x2  
  153  7:48  Drone x3, Extractor  
  153  7:49  Roach x2  
  159  7:52  Ravager x2  
  159  7:57  Roach x2  
  167  7:58  Roach  
  167  8:00  Roach  
  167  8:02  Roach  
  167  8:03  Roach  
  167  8:05  Roach x2  
  177  8:09  Roach x2  
  177  8:12  Roach x2  
  185  8:17  Roach x4  
  193  8:21  Roach x2  
  197  8:27  Roach  
  199  8:38  Infestation Pit, Hydralisk Den  
  191  8:42  Roach x4  
  188  8:51  Roach x10  
  200  9:02  Roach x2  
  200  9:07  Roach x8  
  200  9:08  Roach  
  189  9:10  Roach  
  185  9:18  Roach x4  
  185  9:22  Roach x3  
  192  9:24  Ravager x2  
  196  9:31  Roach x5  
  196  9:34  Roach x2  
  196  9:35  Ravager x2  
  196  9:44  Roach x3  
  193  9:53  Roach x2  
  193  9:54  Roach  
  195  10:02  Ravager x2  
  195  10:03  Tunneling Claws  
  195  10:04  Burrow  
  192  10:11  Roach x9  
  192  10:13  Ravager  
  199  10:16  Roach  
  199  10:21  Roach  
  199  10:27  Roach x8  
  193  10:30  Queen  
  193  10:35  Roach x4  
  195  10:38  Overlord  
  195  10:39  Overlord  
  193  10:49  Spine Crawler  
  188  10:52  Ravager x2  
  188  10:55  Roach x6  
  182  11:09  Roach x5  
  179  11:16  Roach x4  
  183  11:24  Roach x6  
  191  11:26  Roach  
Show
View Real Time Build Order
Export as new Build Order

Mixu Zerg 

Build Orders: Hatch First, Zergling Baneling 

Get SALT Encoding   

  12  0:00  Drone  
  13  0:12  Overlord  
  13  0:18  Drone  
  14  0:31  Drone x2  
  16  0:49  Hatchery  
  15  0:51  Drone  
  15  0:55  Drone  
  17  0:59  Drone  
  18  1:09  Extractor  
  17  1:13  Spawning Pool  
  17  1:17  Drone  
  17  1:20  Drone  
  18  1:28  Drone  
  19  1:39  Drone  
  20  1:49  Drone  
  21  2:00  Queen  
  21  2:01  Queen  
  25  2:02  Zergling x2, Overlord  
  26  2:09  Metabolic Boost  
  26  2:11  Drone  
  26  2:12  Drone  
  28  2:22  Drone x2  
  30  2:32  Zergling x2  
  30  2:37  Hatchery  
  30  2:39  Drone  
  31  2:44  Baneling Nest  
  31  2:49  Overlord  
  30  2:54  Drone  
  30  2:55  Drone  
  30  2:58  Drone  
  33  3:05  Zergling x2  
  33  3:10  Zergling x8  
  33  3:12  Zergling x2  
  39  3:14  Zergling x2  
  39  3:18  Overlord  
  40  3:28  Baneling x2  
  40  3:29  Baneling  
  40  3:30  Drone x2  
  42  3:37  Queen  
  42  3:38  Drone x2  
  42  3:41  Baneling x2  
  46  3:42  Zergling x2  
  46  3:45  Overlord  
  46  3:54  Baneling  
  46  3:55  Drone x2  
  48  3:56  Drone x2  
  48  4:00  Evolution Chamber  
  46  4:03  Zergling x6  
  46  4:05  Baneling  
  48  4:10  Drone x2  
  47  4:19  Zergling x6  
  47  4:21  Drone x2  
  49  4:24  Queen  
  49  4:26  Zerg Missile Weapons Level 1  
  49  4:28  Drone  
  49  4:29  Drone  
  49  4:31  Drone  
  54  4:36  Drone x3  
  57  4:43  Roach Warren  
  56  4:49  Drone x2  
  56  4:50  Drone  
  59  4:53  Baneling x2  
  59  4:55  Overlord  
  59  4:56  Drone  
  59  5:02  Extractor  
  59  5:03  Drone x2  
  60  5:09  Roach Warren  
  60  5:11  Drone x4  
  64  5:14  Lair  
  64  5:15  Drone x4  
  64  5:17  Extractor  
  65  5:23  Drone x2  
  67  5:35  Drone  
  67  5:36  Drone x2  
  67  5:41  Extractor  
  67  5:42  Extractor x2, Drone x5  
  72  5:43  Overlord x2  
  72  5:44  Drone  
  73  5:53  Drone, Overlord, Hatchery  
  73  5:54  Overlord  
  73  5:57  Overlord  
  73  6:02  Drone x2  
  73  6:03  Drone, Overlord  
  80  6:04  Roach x2  
  79  6:14  Drone, Glial Reconstitution  
  79  6:15  Roach x7  
  79  6:16  Evolution Chamber  
  79  6:18  Overseer  
  93  6:27  Zerg Missile Weapons Level 2  
  93  6:28  Drone  
  93  6:29  Drone x2  
  93  6:30  Drone  
  97  6:38  Overlord  
  107  6:40  Roach x5  
  107  6:45  Zerg Ground Armor Level 1  
  105  6:52  Spine Crawler  
  105  6:55  Roach x8  
  105  7:00  Overlord  
  121  7:11  Drone x3  
  121  7:12  Roach x6  
  136  7:18  Overlord x4  
  136  7:21  Roach  
  136  7:22  Pneumatized Carapace  
  138  7:25  Overlord  
  138  7:26  Roach  
  140  7:30  Roach x2  
  140  7:31  Overlord  
  140  7:34  Overlord  
  144  7:38  Ravager x4  
  144  7:39  Roach x3  
  154  7:44  Roach  
  154  7:45  Roach x2  
  154  7:49  Roach x3  
  166  7:51  Roach x2  
  166  7:55  Roach x2  
  174  7:59  Roach x3  
  174  8:01  Roach  
  174  8:03  Roach  
  174  8:04  Roach  
  186  8:12  Overlord  
  186  8:15  Roach x6, Spine Crawler  
  197  8:23  Overseer  
  192  8:42  Roach x5  
  196  8:48  Roach x3  
  194  9:06  Roach x9  
  188  9:17  Roach x5  
  198  9:22  Roach  
  198  9:23  Roach  
  200  9:24  Zerg Ground Armor Level 2  
  200  9:29  Hydralisk Den, Spine Crawler  
  200  9:30  Extractor, Roach x2  
  199  9:33  Roach x2  
  199  9:37  Roach x3  
  199  9:40  Ravager  
  200  9:50  Roach  
  200  9:51  Roach x4  
  195  9:55  Roach x4  
  197  10:00  Roach x2  
  197  10:03  Roach  
  197  10:05  Ravager x3  
  200  10:12  Roach x2  
  181  10:21  Roach  
  181  10:22  Roach x3  
  181  10:26  Roach x2  
  181  10:27  Roach x3  
  171  10:30  Roach x3  
  171  10:34  Roach  
  171  10:35  Roach  
  162  10:40  Extractor  
  161  10:43  Queen, Roach x3  
  161  10:46  Queen  
  158  10:50  Roach x2  
  142  11:00  Roach x4  
  142  11:01  Queen  
  142  11:04  Roach x7  
  158  11:05  Roach  
  158  11:06  Hatchery  
  158  11:08  Roach  
  158  11:11  Roach  
  131  11:16  Roach x2  
  129  11:21  Roach  
  129  11:22  Roach x4  
  135  11:26  Roach  
Tags
 
Add a new tag
Caveats
  • Supply blocks, unpowered buildings, or Contaminate may cause inaccurate times.
  • Supply counts are checked every 10 seconds.